 Dungeon Crawl Stone Soup version 0.23.1 (webtiles) character file.

Game seed: 15075232874329191231

1733 ohad the Martial Artist (level 9, -1/53 HPs)
             Began as an Octopode Transmuter on Mar 2, 2019.
             Was an Initiate of Gozag.
             Shot with a sling bullet by Joseph (11 damage)
             ... on level 7 of the Dungeon.
             The game lasted 00:21:39 (8551 turns).

ohad the Martial Artist (Octopode Transmuter)       Turns: 8551, Time: 00:21:39

Health: -1/53      AC:  1    Str:  9    XL:     9   Next: 5%
Magic:  14/14      EV: 13    Int: 18    God:    Gozag
Gold:   361        SH:  2    Dex: 13    Spells: 0/15 levels left

rFire    . . .     SeeInvis +     - Unarmed
rCold    . . .     Gourm    .   (no shield)
rNeg     . . .     Faith    .   (helmet restricted)
rPois    .         Spirit   .   q - +2 amulet of reflection
rElec    .         Reflect  +   D - ring of see invisible
rCorr    .         Harm     .   (no ring)
MR       .....                  (no ring)
Stlth    ++........             (no ring)
HPRegen  0.17/turn              (no ring)
MPRegen  0.14/turn              (no ring)
                                (no ring)
                                (no ring)

@: no status effects
A: almost no armour, stealthy swim, amphibious, 8 rings, constrict 8, camouflage
1, gelatinous body 1
a: Potion Petition, Call Merchant, Bribe Branch, Renounce Religion


You were on level 7 of the Dungeon.
You worshipped Gozag.
Gozag was aware of your devotion.
You were not hungry.

You visited 2 branches of the dungeon, and saw 8 of its levels.
You also visited: Ossuary.

You collected 474 gold pieces.
You paid 113 gold pieces to Gozag.

Inventory:

Missiles
 a - 140 arrows
 p - a throwing net (quivered)
 y - 21 poisoned needles
Armour
 k - a +0 buckler
Magical Staves
 z - an uncursed staff of death {unknown}
Jewellery
 q - a +2 amulet of reflection (around mantle)
 x - an uncursed amulet of guardian spirit
 C - an uncursed ring of ice
 D - a ring of see invisible (left tentacle)
Wands
 B - a wand of flame (8)
Scrolls
 b - 4 scrolls of teleportation
 g - 2 scrolls of blinking
 h - 5 scrolls of remove curse
 j - a scroll of enchant weapon
 l - 4 scrolls of immolation {unknown}
 o - a scroll of enchant armour
 s - a scroll of fog
 w - 2 scrolls of amnesia {unknown}
 E - 3 scrolls of identify
Potions
 e - 3 potions of flight
 f - a potion of lignification
 i - 3 potions of heal wounds
 m - a potion of mutation
 n - a potion of brilliance
 r - a potion of haste
 t - 2 potions of magic
 u - 2 potions of might
 v - a potion of curing
Comestibles
 c - 11 rations


   Skills:
 - Level 1.0 Fighting
 - Level 2.0 Dodging
 + Level 9.0 Unarmed Combat
 - Level 3.8 Spellcasting
 - Level 5.9 Transmutations
 - Level 3.1 Ice Magic


You couldn't memorise any spells.
You knew the following spells:

 Your Spells              Type           Power        Failure   Level  Hunger
a - Beastly Appendage     Tmut           ###...       1%          1    None
b - Sticks to Snakes      Tmut           ###.....     1%          2    ##.....
c - Spider Form           Tmut/Pois      ##........   13%         3    ###....
d - Ice Form              Ice/Tmut       ###.....     22%         4    ####...
e - Blade Hands           Tmut           ###.......   36%         5    ######.

Your spell library contained the following spells:

 Spells                   Type           Power        Failure   Level  Hunger
 Animate Skeleton         Necr           N/A          16%         1    None
 Magic Dart               Conj           #...         16%         1    None
 Pain                     Necr           #...         16%         1    None
 Summon Small Mammal      Summ           #...         16%         1    None
 Blink                    Tloc           N/A          22%         2    ##.....
 Call Imp                 Summ           #.......     22%         2    ##.....
 Slow                     Hex            #.......     22%         2    ##.....
 Call Canine Familiar     Summ           #.......     41%         3    ###....
 Conjure Flame            Conj/Fire      #.......     41%         3    ###....
 Mephitic Cloud           Conj/Pois/Air  #.......     41%         3    ###....
 Regeneration             Chrm/Necr      #.........   41%         3    ###....
 Summon Guardian Golem    Hex/Summ       #.......     41%         3    ###....
 Vampiric Draining        Necr           #.........   41%         3    ###....
 Summon Ice Beast         Ice/Summ       #.......     61%         4    ####...
 Animate Dead             Necr           N/A          83%         4    ####...
 Summon Lightning Spire   Summ/Air       #.......     83%         4    ####...


Dungeon Overview and Level Annotations

Branches:
Dungeon (7/15)             Temple (1/1) D:6

Altars:
Ashenzari
Cheibriados
Dithmenos
Elyvilon
Fedhas
Gozag
Kikubaaqudgha
Makhleb
Okawaru
Qazlal
Ru
Uskayaw
Vehumet
Wu Jian
Zin
The Shining One

Shops:
D:6 *

Annotations:
D:5 2 transporters
D:7 Joseph, Menkaure


Innate Abilities, Weirdness & Mutations

You cannot wear most types of armour.
You are very stealthy in the water. (Stealth+)
You are amphibious.
You can wear up to eight rings at the same time.
You can use your tentacles to constrict eight enemies at once.
Your skin changes colour to match your surroundings (Stealth+).
Your rubbery body absorbs attacks. (AC +1, EV +1)


Message History

You miss the crimson imp. Your grab misses the crimson imp.
The crimson imp blinks!
The crimson imp blinks!
The crimson imp closely misses you.
You tentacle-slap the crimson imp but do no damage.
You grab the crimson imp.
You constrict the crimson imp, but do no damage.
The crimson imp completely misses you.
You bludgeon the crimson imp!
You squeeze the crimson imp, but do no damage.
The crimson imp is heavily wounded.
You constrict the crimson imp.
Joseph shoots a sling bullet.
The sling bullet hits you!! The crimson imp misses you.
You release your grip on the crimson imp.
Joseph shoots a sling bullet.
The sling bullet hits you!!
* * * LOW HITPOINT WARNING * * *
Unknown command.
Joseph shoots a sling bullet.
The sling bullet hits you!
You die...
Your body crumbles into a pile of gold.

##.....).........## ##
###.................##..
#..............##...#...
#.............##........
##.......##.####........
#............##.........
..##..#........###.........
...#....##.......###...<....
#.....###..@<#...# #........
.......##5.#####.# #........
........(........##<........
.......#.........###.....>..
...........................
...#.............##.#......
#. #...##.......#####......
# #..###@.#.....## #.###.#
#.####....# #


You could see Joseph and a crimson imp.

Vanquished Creatures
  Sigmund (D:6)
  Purgy (D:4)
  A necrophage (D:5)
  An ogre (D:7)
  Blork the orc (D:4)
  3 scorpions
  A howler monkey (D:6)
  2 crimson imps (D:7)
  5 hounds
  A bullfrog skeleton (D:7)
  An orc priest (D:3)
  2 iguanas
  An orc wizard (D:3)
  6 worker ants
  12 mummies (Ossuary)
  A worker ant zombie (D:6)
  8 gnolls
  6 adders
  A shadow imp (D:7)
  2 oozes
  A worm zombie (D:4)
  2 adder skeletons (D:5)
  5 worms
  2 dart slugs
  7 leopard geckos
  14 orcs
  8 giant cockroaches
  A gnoll zombie (D:4)
  4 goblins
  4 hobgoblins
  5 jackals
  5 kobolds
  4 quokkas
  A ball python (D:5)
  8 bats
  3 frilled lizards
  2 gnoll skeletons (Ossuary)
  3 goblin skeletons (Ossuary)
  A jackal skeleton (D:6)
  A jackal zombie (D:6)
  A kobold skeleton (Ossuary)
  An orc skeleton (Ossuary)
  A quokka zombie (D:6)
  9 rats
  11 rat skeletons (Ossuary)
161 creatures vanquished.

Vanquished Creatures (collateral kills)
  Eustachio (D:4)
1 creature vanquished.

Vanquished Creatures (others)
  An orc skeleton (Ossuary)
  A plant (D:3)
2 creatures vanquished.

Grand Total: 164 creatures vanquished

Notes
Turn   | Place    | Note
-------+----------+-------------------------------------------
     0 | D:1      | ohad the Octopode Transmuter began the quest for the Orb.
     0 | D:1      | Reached XP level 1. HP: 13/13 MP: 3/3
    59 | D:1      | Reached XP level 2. HP: 14/18 MP: 3/5
   554 | D:1      | Reached XP level 3. HP: 23/23 MP: 6/6
   558 | D:1      | Learned a level 2 spell: Sticks to Snakes
   562 | D:1      | Learned a level 3 spell: Spider Form
  1358 | D:2      | Reached XP level 4. HP: 28/28 MP: 4/7
  2468 | D:3      | Reached XP level 5. HP: 33/33 MP: 5/10
  2499 | D:3      | Learned a level 4 spell: Ice Form
  2720 | D:3      | Reached skill level 1 in Ice Magic
  3591 | D:4      | Found a sand-covered staircase.
  3596 | D:4      | Reached XP level 6. HP: 33/38 MP: 11/11
  3735 | Ossuary  | Entered an ossuary
  4635 | D:4      | Noticed Eustachio
  4721 | D:4      | Killed Eustachio
  4721 | D:4      | Reached skill level 5 in Transmutations
  4721 | D:4      | Reached XP level 7. HP: 41/43 MP: 6/12
  4789 | D:4      | Found a snail-covered altar of Cheibriados.
  4792 | D:4      | Found a shadowy altar of Dithmenos.
  5140 | D:4      | Noticed Purgy
  5140 | D:4      | Noticed Blork the orc
  5183 | D:4      | Killed Blork the orc
  5401 | D:4      | Killed Purgy
  5401 | D:4      | Reached skill level 4 in Unarmed Combat
  5516 | D:5      | Entered Level 5 of the Dungeon
  5597 | D:5      | Found a transporter.
  5727 | D:5      | Found a transporter.
  6073 | D:5      | Reached skill level 5 in Unarmed Combat
  6082 | D:5      | Reached XP level 8. HP: 38/48 MP: 11/13
  6261 | D:5      | Reached skill level 6 in Unarmed Combat
  6882 | D:6      | Noticed Sigmund
  6905 | D:6      | Killed Sigmund
  6905 | D:6      | Reached skill level 7 in Unarmed Combat
  7638 | D:6      | Found a staircase to the Ecumenical Temple.
  7647 | Temple   | Entered the Ecumenical Temple
  7721 | Temple   | Became a worshipper of Gozag Ym Sagoz the Greedy
  7763 | D:6      | Found Ytsoa's Elemental Accessories.
  7883 | D:6      | Found an ornate altar of the Wu Jian Council.
  8111 | D:7      | Reached skill level 8 in Unarmed Combat
  8251 | D:7      | Reached XP level 9. HP: 32/53 MP: 10/14
  8254 | D:7      | Noticed Joseph
  8258 | D:7      | Noticed Menkaure
  8260 | D:7      | Learned a level 5 spell: Blade Hands
  8279 | D:7      | Reached skill level 9 in Unarmed Combat
  8551 | D:7      | Shot with a sling bullet by Joseph

Skill      XL: |  1  2  3  4  5  6  7  8  9 |
---------------+----------------------------+-----
Transmutations | 3 4 5 |  5.9
Spellcasting   | 3 |  3.8
Ice Magic      | 2 3 |  3.1
Unarmed Combat | 5 8 9 |  9.0
Fighting       | |  1.0
Dodging        | |  2.0

Action                   |  1- 3 |  4- 6 |  7- 9 || total
-------------------------+-------+-------+-------++-------
Melee: Unarmed           |    58 |   225 |   202 ||   485
       Constrict         |    15 |    41 |    17 ||    73
       Kick              |     8 |     2 |       ||    10
       Tentacles         |     7 |    33 |    15 ||    55
       Punch             |     1 |       |     2 ||     3
 Cast: Beastly Appendage |     9 |     5 |       ||    14
       Spider Form       |     1 |     6 |     6 ||    13
       Ice Form          |       |     7 |    10 ||    17
       Sticks to Snakes  |       |     1 |     5 ||     6
 Abil: End Transformatio |       |       |     1 ||     1
  Use: Scroll            |       |    14 |     5 ||    19
       Potion            |       |       |     2 ||     2
 Stab: Sleeping          |     2 |     8 |     1 ||    11
  Eat: Chunk             |     2 |     9 |    10 ||    21
       Ration            |       |     1 |     2 ||     3
Armor: Skin              |    10 |    12 |    32 ||    54
Dodge: Dodged            |    36 |   118 |   118 ||   272
Block: Other             |       |     6 |    10 ||    16
